 Dungeon Crawl Stone Soup version 0.19-a0-770-g33a097e (webtiles) character file.

146 FrankyJ the Covered (level 5, 0/36 HPs)
             Began as a Halfling Fighter on June 25, 2016.
             Slain by a sky beast (1 damage)
             ... on level 3 of the Dungeon.
             The game lasted 00:07:29 (2670 turns).

FrankyJ the Covered (Halfling Fighter)              Turns: 2670, Time: 00:07:29

Health: 0/36       AC:  8    Str: 22    XL:     5   Next: 53%
Magic:  5/5        EV: 10    Int:  7    God:
Gold:   155        SH: 11    Dex: 14    Spells: 0 memorised, 4 levels left

rFire  . . .     SeeInvis .     p - +2 dagger (flame)
rCold  . . .     Gourm    .     b - +0 scale mail
rNeg   . . .     Faith    .     c - +1 shield
rPois  .         Spirit   .     (no helmet)
rElec  .         Dismiss  .     (no cloak)
rCorr  .         Reflect  .     n - +0 pair of gloves
SustAt .         Harm     .     (no boots)
MR     .....                    (no amulet)
Stlth  ..........               (no ring)
                                (no ring)

@: mighty, not resistant to hostile enchantments, extremely unstealthy
A: mutation resistance 1
a: no special abilities


You were on level 3 of the Dungeon.
You were hungry.

You visited 1 branch of the dungeon, and saw 3 of its levels.

You collected 155 gold pieces.

Inventory:

Hand Weapons
 a - a +0 rapier
 p - a +2 dagger of flaming (weapon)
 z - a +2 dagger of speed
Armour
 b - a +0 scale mail (worn)
 c - a +1 shield (worn)
 n - a +0 pair of gloves (worn)
 y - a +1 helmet
Jewellery
 s - an uncursed ring of fire
Wands
 g - a wand of lightning (4/15)
Scrolls
 e - 3 scrolls of identify
 l - a scroll of recharging
 o - 2 scrolls of remove curse
 w - 2 scrolls of fog
Potions
 h - a potion of haste {unknown}
 i - a potion of mutation {unknown}
 j - a potion of curing {unknown}
 k - a potion of resistance {unknown}
 q - a potion of agility {unknown}
 t - a potion of degeneration {unknown}
Comestibles
 f - a bread ration
 m - a slice of pizza
 u - a meat ration
 x - a beef jerky


   Skills:
 + Level 3.2 Fighting
 * Level 3.8 Short Blades
 - Level 4.2 Armour
 + Level 1.9 Dodging
 * Level 0.5 Stealth
 - Level 4.1 Shields


You had 4 spell levels left.
You didn't know any spells.

Dungeon Overview and Level Annotations

Branches:
Dungeon (3/15)

Altars:
Ashenzari
Qazlal
Ru


Innate Abilities, Weirdness & Mutations

You are small and have problems with some larger weapons.
You are somewhat resistant to further mutation.


Message History

Your unstable footing causes you to fumble your attack.
Something hits you but does no damage.
Your unstable footing causes you to fumble your attack.
Something hits you. Something shocks you.
* * * LOW HITPOINT WARNING * * *
Your unstable footing causes you to fumble your attack.
Something hits you.
* * * LOW HITPOINT WARNING * * *
Something shocks you.
* * * LOW HITPOINT WARNING * * *
You closely miss something.
A sky beast appears from thin air!
Reactivating autopickup.
The sky beast completely misses you.
Your unstable footing causes you to fumble your attack.
You block the sky beast's attack.
Your unstable footing causes you to fumble your attack.
The sky beast hits you but does no damage.
You feel very mighty all of a sudden. The sky beast hits you.
You die...

############ ##..........#
##...#######.# ###.#.#.#### #.#
#....Y.....# #.#
########.#.#.#.##.# #.#
#........##...###.###.##########
#.#########...###...............
##.###.........Y@......##########
#...##.#####...#######.# .......#
##.## #.# #...#### #<########.#
##.## #..........######### ##.#
##########.........# .#.##
#########.# .#..## #.#
.....###### #.#


You could see a sky beast.

Vanquished Creatures
  Robin (D:3)
  6 adders
  A gnoll (D:1)
  3 oozes
  2 worms
  3 giant geckos
  2 bats
  A giant cockroach (D:1)
  9 goblins
  8 hobgoblins
  5 kobolds
  2 ball pythons
  2 giant newts
  5 rats
50 creatures vanquished.

Notes
Turn   | Place    | Note
--------------------------------------------------------------
     0 | D:1      | FrankyJ the Halfling Fighter began the quest for the Orb.
     0 | D:1      | Reached XP level 1. HP: 15/15 MP: 1/1
   250 | D:1      | Reached XP level 2. HP: 10/20 MP: 2/2
   456 | D:1      | Reached XP level 3. HP: 14/25 MP: 3/3
   831 | D:2      | Reached XP level 4. HP: 14/31 MP: 4/4
  1494 | D:2      | Found a shattered altar of Ashenzari.
  1825 | D:2      | Reached skill level 1 in Dodging
  1825 | D:2      | Reached XP level 5. HP: 36/36 MP: 5/5
  2075 | D:3      | Noticed Robin
  2112 | D:3      | Killed Robin
  2392 | D:3      | Found a sacrificial altar of Ru.
  2565 | D:3      | Found a stormy altar of Qazlal.
  2631 | D:3      | Noticed a sky beast
  2666 | D:3      | HP: 1/36 [something (6)]
  2670 | D:3      | Slain by a sky beast

Vault maps used:
D:1:      sevenhm_arrival_forest_fort_large_4
D:2:      ashenzari_conservatory_becter
D:3:      lemuel_coloured_pillars_altar, lemuel_doored_altar, uniq_robin

Skill      XL: |  1  2  3  4 |
---------------+-------------+-----
Short Blades   | 3 |  3.8
Fighting       | 3 |  3.2
Armour         | 4 |  4.2
Shields        | 4 |  4.1
Dodging        | 1 |  1.9
Stealth        | |  0.5

Action                   |  1- 3 |  4- 6 || total
-------------------------+-------+-------++-------
Melee: Rapier            |    41 |       ||    41
       Dagger            |    17 |   178 ||   195
Evoke: Wand              |       |     2 ||     2
  Use: Scroll            |       |     7 ||     7
       Potion            |       |     1 ||     1
  Eat: Chunk             |       |     5 ||     5
Armor: Scale mail        |    17 |    62 ||    79
Dodge: Dodged            |    16 |    46 ||    62
Block: Shield            |    24 |    73 ||    97
